 Dungeon Crawl Stone Soup version 0.30.1-11-g7821555f0a (webtiles) character file.

Game seed: 12728218125685639716

16559 Kavash the Dealer of Despair (level 12, -7/92 HPs)
             Began as a Demonspawn Necromancer on Dec 24, 2023.
             Was an Elder of Kikubaaqudgha.
             Mangled by a red ugly thing (19 damage)
             ... on level 14 of the Dungeon on Dec 25, 2023.
             The game lasted 00:53:46 (12667 turns).

Kavash the Dealer of Despair (DsNe)                Turns: 12667, Time: 00:53:47

Health: -7/92      AC: 13    Str: 14    XL:     12   Next: 11%
Magic:  20/23      EV: 14    Int: 16    God:    Kikubaaqudgha [****..]
Gold:   1055       SH:  8    Dex: 14    Spells: 2/26 levels left

rFire   . . .        s - +2 broad axe (pain)
rCold   . . .        (no shield)
rNeg    . . .        Q - +0 steam dragon scales
rPois   .            (helmet restricted)
rElec   .            K - +0 cloak
rCorr   .            I - +0 pair of gloves
SInv    .            o - +0 pair of boots
Will    .....        m - amulet of regeneration
Stlth   +++          v - +4 ring of protection
HPRegen 1.15/turn    P - ring of flight
MPRegen 0.18/turn

%: no passive effects
@: lethally poisoned (-7 -> -11), flying, studying Hexes
A: horns 2, large bone plates 3, powered by death 2
a: Renounce Religion, Unearth Wretches


You were on level 14 of the Dungeon.
You worshipped Kikubaaqudgha.
Kikubaaqudgha was greatly pleased with you.
You visited 2 branches of the dungeon, and saw 13 of its levels.
You visited 1 bazaar.

You collected 1055 gold pieces.

Inventory:

Hand Weapons
 s - a +2 broad axe of pain (weapon)
 S - a +0 war axe of freezing
 U - a +0 heavy flail
Missiles
 M - 2 throwing nets
Armour
 o - a +0 pair of boots (worn)
 z - a +3 chain mail
 H - the +1 robe "Muezeot" {Dex+3}
   (You found it on level 5 of the Dungeon)

   Dex:       It affects your dexterity (+3).
 I - a +0 pair of gloves (worn)
 K - a +0 cloak (worn)
 Q - +0 steam dragon scales (worn)
Jewellery
 m - an amulet of regeneration (around neck)
 v - a +4 ring of protection (left hand)
 F - an amulet of reflection
 P - a ring of flight (right hand)
 T - a ring of protection from fire
Wands
 a - a wand of flame (41)
 y - a wand of paralysis (4)
 A - a wand of quicksilver (8)
Scrolls
 c - a scroll of silence {unknown}
 f - 3 scrolls of immolation {unknown}
 h - 4 scrolls of fear {unknown}
 j - 2 scrolls of fog {unknown}
 n - 2 scrolls of brand weapon {unknown}
 p - 3 scrolls of amnesia {unknown}
 q - 8 scrolls of noise {unknown}
 r - a scroll of acquirement {unknown}
 u - 3 scrolls of identify
 w - 3 scrolls of vulnerability {unknown}
 G - 3 scrolls of teleportation {unknown}
 J - 5 scrolls of poison {unknown}
 L - a scroll of butterflies {unknown}
 R - a scroll of enchant weapon {unknown}
Potions
 b - 2 potions of magic
 d - 3 potions of ambrosia
 e - 2 potions of haste
 g - 2 potions of attraction
 i - 10 potions of curing
 k - 3 potions of might
 l - a potion of resistance
 t - 5 potions of invisibility
 x - a potion of berserk rage
 C - 2 potions of lignification
 D - a potion of brilliance
 N - 3 potions of mutation


   Skills:
 * Level 7.8 Fighting
 + Level 3.1(3.8) Axes
 - Level 3.2(3.9) Maces & Flails
 + Level 4.6 Armour
 + Level 5.2 Dodging
 + Level 6.1 Stealth
 + Level 4.8 Shields
 * Level 7.5 Spellcasting
 * Level 9.8 Necromancy
 + Level 7.1 Invocations
 + Level 5.5 Evocations


You had 2 spell levels left.
You knew the following spells:

 Your Spells              Type           Power      Damage    Failure   Level
a - Necrotise             Necr           100%       1d9       1%          1
b - Vampiric Draining     Necr           37%        2d8       1%          3
c - Kiss of Death         Conj/Necr      84%        2d11      1%          1
d - Agony                 Necr           37%        N/A       6%          5
e - Animate Dead          Necr           37%        N/A       1%          4
f - Sublimation of Blood  Necr           37%        N/A       1%          2
g - Dispel Undead         Necr           37%        3d15      1%          4
h - Anguish               Hex/Necr       10%        N/A       16%         4

Your spell library contained the following spells:

 Spells                   Type           Power      Damage    Failure   Level
 Cigotuvi's Dreadful Rot  Necr/Pois/Air  32%        N/A       4%          2
 Ensorcelled Hibernation  Hex/Ice        12%        N/A       19%         2
 Passwall                 Tmut/Erth      5%         N/A       19%         2
 Poisonous Vapours        Pois/Air       12%        N/A       19%         2
 Death Channel            Necr           18%        N/A       32%         6
 Mephitic Cloud           Conj/Pois/Air  6%         N/A       34%         3
 Spider Form              Tmut/Pois      6%         N/A       34%         3
 Swiftness                Air            6%         N/A       34%         3
 Vhi's Electric Charge    Tloc/Air       12%        N/A       34%         3
 Simulacrum               Ice/Necr       10%        N/A       94%         6
 Arcjolt                  Conj/Air       3%         1d13      97%         5
 Freezing Cloud           Conj/Ice/Air   3%         6-21      97%         5
 Plasma Beam              Fire/Air       3%         2x1d14    100%        6
 Borgnjor's Revivificati  Necr           18%        N/A       100%        8
 Necromutation            Tmut/Necr      10%        N/A       100%        8
 Death's Door             Necr           18%        N/A       100%        9


Dungeon Overview and Level Annotations

Branches:
Dungeon (14/15)            Temple (1/1) D:5            Lair (0/5) D:9
 Vaults (0/5) D:13
    Orc: D:9-12

Altars:
Ashenzari
Cheibriados
Dithmenos
Fedhas
Gozag
Hepliaklqana
Kikubaaqudgha
Makhleb
Nemelex Xobeh
Okawaru
Qazlal
Ru
Sif Muna
Trog
Uskayaw
Vehumet
Wu Jian
Xom
Yredelemnul

Shops:
D:1 [   D:4 :   D:5 (


Innate Abilities, Weirdness & Mutations

You have a pair of horns on your head.
You are completely covered in large bone plates. (SH +8)
You regenerate health from kills.


Message History

* * * LOW HITPOINT WARNING * * *
Your ugly thing zombie hits the red ugly thing.
The green ugly thing barely misses your ugly thing zombie.
The green ugly thing bites your ugly thing zombie.
The electric eel shoots out a bolt of lightning at you!
The bolt of electricity hits your ugly thing zombie!
The bolt of electricity hits you!
* * * LOW HITPOINT WARNING * * *
You feel much better.
You feel very sick. The red ugly thing tentacle-slaps you!
You are engulfed in flames!
* * * LOW HITPOINT WARNING * * *
The green ugly thing punches you.
* * * LOW HITPOINT WARNING * * *
Your ugly thing zombie misses the green ugly thing.
Your ugly thing zombie closely misses the red ugly thing.
The green ugly thing basks in the mutagenic energy from its kin and changes!
Okay, then.
Unknown command.
Casting: Dispel Undead (mildly dangerous; 1% risk of failure)
Confirm with . or Enter, or press ? or * to list all spells.
Aiming: Vampiric Draining (safe; 1% risk of failure)
Press: ? - help, Shift-Dir - straight line, f - red ugly thing
Aim: a red ugly thing (severely wounded, ally target)
You draw life force from the red ugly thing.
You feel life coursing into your body.
* * * LOW HITPOINT WARNING * * *
You feel very sick. The red ugly thing barely misses you.
The green ugly thing completely misses your ugly thing zombie.
Your ugly thing zombie closely misses the cyan ugly thing.
Your ugly thing zombie hits the red ugly thing but does no damage.
Unknown command.
You feel much better.
You feel very sick. The red ugly thing tentacle-slaps you.
* * * LOW HITPOINT WARNING * * *
You are engulfed in flames!!
You die...
Kikubaaqudgha rasps: "You have failed me!
Welcome... death!"

#############
......uZ....#####
.....uu@......†.########
.$....u.....###.........
....~Z.Z~....~~~.~.~.~.~
####.≈≈≈≈≈.≈≈≈≈≈~≈≈≈≈≈.≈
..~≈♣♣♣≈~≈♣♣♣≈~≈♣♣♣≈.≈
....S ♣≈.≈♣ ♣≈~≈♣ ♣≈.≈
##...≈ ♣≈~≈♣ ♣≈.≈♣♣♣≈.≈
###~≈ ≈≈~≈≈≈≈≈~≈≈≈≈≈Z≈
~.~.~.~~~~~~


You could see 4 ugly things, an electric eel (ally target) and 3 friendly ugly
thing zombies.

Vanquished Creatures
  A hydra (D:13)
  3 centaur warriors
  2 two-headed ogres
  2 ugly things (D:14)
  The ghost of ChrisAssaf the Cutter, a novice HuRe of Gozag (D:5)
  A manticore (D:14)
  2 cyclopes
  Maggie (D:7)
  An unseen horror (D:10)
  A komodo dragon (D:8)
  2 trolls
  A centaur simulacrum (D:14)
  A wraith (D:6)
  A vampire (D:9)
  A wyvern (D:9)
  8 yaks
  A water elemental (D:14)
  3 basilisks (D:9)
  Grum (D:10)
  2 water moccasins
  An acid dragon (D:10)
  2 orc warriors
  4 sky beasts
  3 ice beasts
  4 black bears
  An ogre (D:4)
  A boggart (D:14)
  2 wolves (D:10)
  2 centaurs
  2 phantoms
  3 bullfrogs (D:7)
  A gnoll sergeant (D:5)
  2 scorpions (D:5)
  5 killer bees
  7 howler monkeys
  2 electric eels (D:14)
  6 jellies
  A hound (D:6)
  6 orc priests
  2 gnoll boudas
  A sleepcap (D:5)
  Terence (D:2)
  4 iguanas
  9 orc wizards
  10 gnolls
  2 adders
  4 shadow imps
  4 white imps
  3 worms (D:2)
  A dart slug (D:4)
  28 orcs
  9 bats
  6 endoplasms
  5 giant cockroaches
  3 goblins
  6 hobgoblins (D:1)
  9 kobolds
  2 quokkas
  4 ball pythons
  2 frilled lizards
  8 rats
214 creatures vanquished.

Vanquished Creatures (collateral kills)
  3 ugly things
  A water elemental (D:14)
  2 yaks (D:9)
  An ice beast (D:8)
  2 black bears (D:7)
  An ogre (D:7)
  3 boggarts (D:14)
  A centaur (D:6)
  A scorpion (D:7)
  A killer bee (D:8)
  3 howler monkeys
  A howler monkey (shapeshifter) (D:14)
  An iguana (D:5)
  2 orc wizards
  An adder (D:5)
  5 orcs
  2 ball pythons
31 creatures vanquished.

Vanquished Creatures (others)
  A centaur warrior (D:13)
  A wyvern (D:9)
  A yak (D:9)
  A two-headed ogre zombie (D:8)
  An orc warrior (D:9)
  A swamp drake (D:9)
  5 centaurs (D:13)
  A water moccasin zombie (D:7)
  A wyvern zombie (D:9)
  3 yak zombies (D:10)
  A troll zombie (D:8)
  A bullfrog zombie (D:7)
  2 basilisk zombies (D:9)
  6 centaur zombies
  A black bear zombie (D:8)
  A scorpion zombie (D:7)
  A killer bee zombie (D:7)
  An ice beast zombie (D:6)
  A sky beast zombie (D:8)
  A hound zombie (D:6)
  4 howler monkey zombies
  6 orc zombies
  A swamp drake zombie (D:9)
  2 gnoll zombies (D:6)
45 creatures vanquished.

Grand Total: 290 creatures vanquished

Notes
Turn   | Place    | Note
-------+----------+-------------------------------------------
     0 | D:1      | Kavash the Demonspawn Necromancer began the quest for the
                  | Orb.
     0 | D:1      | Reached XP level 1. HP: 13/13 MP: 3/3
   192 | D:1      | Gained mutation: You are partially covered in large bone
                  | plates. (SH +4) [demonic ancestry]
   192 | D:1      | Reached XP level 2. HP: 12/20 MP: 0/5
   462 | D:1      | Found Bethuges's Armour Emporium.
   784 | D:1      | Gained mutation: You are mostly covered in large bone
                  | plates. (SH +6) [demonic ancestry]
   784 | D:1      | Reached XP level 3. HP: 25/25 MP: 2/6
   788 | D:1      | Learned a level 3 spell: Vampiric Draining
  1035 | D:2      | Reached skill level 1 in Invocations
  1175 | D:2      | Reached skill level 1 in Fighting
  1469 | D:2      | Noticed Terence
  1476 | D:2      | Killed Terence
  1477 | D:2      | Gained mutation: You regenerate a little health from kills.
                  | [demonic ancestry]
  1477 | D:2      | Reached XP level 4. HP: 32/32 MP: 1/7
  1611 | D:2      | Reached skill level 1 in Evocations
  2105 | D:2      | Reached skill level 1 in Maces & Flails
  2428 | D:3      | Found a faded altar of an unknown god.
  3081 | D:4      | Reached XP level 5. HP: 25/37 MP: 3/8
  3136 | D:3      | Reached skill level 1 in Shields
  3345 | D:3      | Found a faded altar of an unknown god.
  3353 | D:3      | Found a broken altar of Ashenzari.
  3357 | D:3      | Found a burning altar of Makhleb.
  3538 | D:4      | Noticed a black bear
  3590 | D:4      | Learned a level 4 spell: Animate Dead
  3773 | D:4      | Found Qicerueps's Vocational Training.
  3860 | D:4      | Reached skill level 1 in Armour
  3869 | D:4      | Killed a black bear
  3870 | D:4      | Reached skill level 5 in Necromancy
  3870 | D:4      | Reached XP level 6. HP: 44/44 MP: 3/10
  4355 | D:4      | Identified the +2 robe of the Teacher {Dex+3}
  4404 | D:5      | Entered Level 5 of the Dungeon
  4404 | D:5      | Found a staircase to the Ecumenical Temple.
  4415 | Temple   | Entered the Ecumenical Temple
  4418 | Temple   | Became a worshipper of Kikubaaqudgha
  4446 | D:5      | Gained mutation: You regenerate health from kills. [demonic
                  | ancestry]
  4446 | D:5      | Reached XP level 7. HP: 48/51 MP: 1/11
  4463 | D:5      | Identified the +1 robe "Muezeot" {Dex+3}
  4830 | D:5      | Found Huggus's Weapon Shoppe.
  4853 | D:5      | Reached XP level 8. HP: 57/58 MP: 1/13
  4988 | D:5      | Noticed ChrisAssaf's ghost (novice HuRe)
  4991 | D:5      | Found a runed translucent door.
  5670 | D:6      | Reached skill level 6 in Necromancy
  5696 | D:6      | Reached * piety under Kikubaaqudgha
  5696 | D:6      | Received a gift from Kikubaaqudgha
  6208 | D:6      | Gained mutation: You have a pair of small horns on your
                  | head. [demonic ancestry]
  6208 | D:6      | Reached XP level 9. HP: 66/66 MP: 5/15
  7411 | D:7      | Reached skill level 7 in Necromancy
  7411 | D:7      | Noticed Maggie
  7431 | D:7      | Noticed a two-headed ogre
  7448 | D:7      | Reached ** piety under Kikubaaqudgha
  7464 | D:7      | Killed a two-headed ogre
  7465 | D:7      | Reached skill level 5 in Fighting
  7465 | D:7      | Reached skill level 5 in Spellcasting
  7470 | D:7      | Reached skill level 5 in Invocations
  7483 | D:7      | Killed Maggie
  7673 | D:7      | Reached XP level 10. HP: 71/74 MP: 13/18
  8038 | D:7      | Learned a level 5 spell: Agony
  8041 | D:7      | Learned a level 2 spell: Sublimation of Blood
  8043 | D:7      | Learned a level 1 spell: Kiss of Death
  8108 | D:7      | Found a basalt altar of Yredelemnul.
  8320 | D:8      | Reached skill level 1 in Axes
  8375 | D:8      | Reached skill level 8 in Necromancy
  8452 | D:8      | Noticed a two-headed ogre
  8477 | D:8      | Killed a two-headed ogre
  8478 | D:8      | Reached skill level 5 in Stealth
  8629 | D:8      | Reached *** piety under Kikubaaqudgha
  8629 | D:8      | Received a gift from Kikubaaqudgha
  8637 | D:8      | Learned a level 4 spell: Dispel Undead
  9110 | D:5      | Killed ChrisAssaf's ghost
 10268 | D:9      | Gained mutation: You have a pair of horns on your head.
                  | [demonic ancestry]
 10268 | D:9      | Reached XP level 11. HP: 75/83 MP: 17/20
 10304 | D:9      | Found a staircase to the Lair.
 10473 | D:10     | Entered Level 10 of the Dungeon
 10745 | D:10     | Noticed Grum
 10823 | D:10     | Killed Grum
 10892 | D:10     | You fall into a shaft and drop 3 floors!
 10892 | D:13     | Found a flickering gateway to a bazaar.
 10911 | D:13     | Noticed a centaur warrior
 10923 | D:13     | Killed a centaur warrior
 10942 | Bazaar   | Entered a bazaar
 10942 | Bazaar   | Found Leetida's Weapon Shoppe.
 11397 | Bazaar   | Found Myfo's Magic Scroll Shop.
 11400 | Bazaar   | Found Lageteul's Magic Scroll Boutique.
 11403 | Bazaar   | Found Wuuhonk's Book Shoppe.
 11521 | D:13     | Noticed a seven-headed hydra
 11533 | D:13     | Killed a seven-headed hydra
 11534 | D:13     | Reached skill level 9 in Necromancy
 11534 | D:13     | Reached skill level 5 in Evocations
 11678 | D:13     | Noticed a centaur warrior
 11680 | D:13     | Noticed a skeletal warrior
 11695 | D:13     | Killed a centaur warrior
 11789 | D:13     | Noticed a purple ugly thing
 11797 | D:13     | Killed a purple ugly thing
 11855 | D:13     | Found a gate to the Vaults.
 11855 | D:13     | Noticed a vault guard
 11855 | D:13     | Noticed a vault guard
 11855 | D:13     | Noticed a vault guard
 11855 | D:13     | Noticed a vault guard
 11855 | D:13     | Noticed a vault guard
 11856 | D:13     | Noticed a vault guard
 11863 | D:14     | Noticed a centaur warrior
 11872 | D:14     | Noticed a centaur warrior
 11882 | D:14     | Killed a centaur warrior
 11884 | D:14     | Killed a centaur warrior
 11885 | D:14     | Reached skill level 5 in Dodging
 12070 | D:14     | Noticed a wizard
 12084 | D:14     | Noticed a deep elf pyromancer
 12134 | D:14     | Reached **** piety under Kikubaaqudgha
 12303 | D:14     | Noticed a cyan ugly thing
 12304 | D:14     | Noticed a cyan ugly thing
 12305 | D:14     | Noticed a cyan ugly thing
 12317 | D:14     | Killed a cyan ugly thing
 12320 | D:14     | Killed a cyan ugly thing
 12321 | D:14     | Gained mutation: You are completely covered in large bone
                  | plates. (SH +8) [demonic ancestry]
 12321 | D:14     | Reached XP level 12. HP: 53/92 MP: 19/23
 12601 | D:14     | Learned a level 4 spell: Anguish
 12667 | D:14     | Mangled by a red ugly thing

Illustrated notes

Levels and vault maps discovered:
D:1:      saegor_arrival_simple_c, layout_loops_cross, serial_shops,
          nicolae_shop_trees, minmay_pentomino_x4
D:2:      layout_basic, chequers_arboretum, wad_orctagon, uniq_terence
D:3:      layout_loops_cross, chequers_temple_overflow_minitemple,
          shapermc_ecumenical_altar_mp_vishouse
D:4:      layout_basic, nicolae_shop_vocational
D:5:      layout_gridville, temple_fountains, hellmonk_ghost_happy_afterlife,
          serial_shops, shop, minmay_chambers_of_fives
D:6:      layout_gridville, minmay_manual_moon
D:7:      minmay_polygon_palace, layout_rooms, lemuel_doored_altar, uniq_maggie
D:8:      layout_rooms
D:9:      layout_loops_ring, erik_lair_dragon, kennysheep_cross_room
D:10:     layout_cave_pools, serial_column_ruins, column_ruins_hut_pillars,
          column_ruins_hut, column_ruins_open_small, column_ruins_grid_4,
          column_ruins_open_tiny, gammafunk_ghost_smash, columned_hall_lemuel,
          uniq_grum
D:13:     layout_grid_maze, erik_vaults_2, serial_shops, freezing_bzr,
          uniq_frances, uniq_lodul
D:14:     layout_gridville, kennysheep_boxes, kennysheep_small_spiral
Temple:   sentei_temple_godly_chess

Skill      XL: |  1  2  3  4  5  6  7  8  9 10 11 |
---------------+----------------------------------+-----
Stealth        | 2 3 4 5 6 |  6.1
Invocations    | 1 2 3 4 5 6 7 |  7.1
Fighting       | 1 2 3 4 5 6 7 |  7.8
Evocations     | 1 2 3 4 5 |  5.5
Maces & Flails | 1 2 3 |  3.2
Dodging        | 2 3 4 5 |  5.2
Shields        | 1 2 3 4 |  4.8
Armour         | 1 2 3 4 |  4.6
Necromancy     | 5 6 7 8 9 |  9.8
Spellcasting   | 3 4 5 6 7 |  7.5
Axes           | 1 3 |  3.1

Action                     |  1- 3 |  4- 6 |  7- 9 | 10-12 || total
---------------------------+-------+-------+-------+-------++-------
  Melee: Mace              |    30 |    58 |   206 |       ||   294
         Punch             |       |     1 |     5 |     1 ||     7
         Hand axe          |       |       |    91 |       ||    91
         Headbutt          |       |       |    21 |    49 ||    70
         Broad axe         |       |       |     9 |   263 ||   272
   Cast: Necrotise         |    58 |    80 |    47 |    21 ||   206
         Vampiric Draining |       |     2 |    30 |    36 ||    68
         Animate Dead      |       |       |     9 |    16 ||    25
         Sublimation of Bl |       |       |       |    12 ||    12
         Agony             |       |       |       |     6 ||     6
         Dispel Undead     |       |       |       |     6 ||     6
  Evoke: Wand              |       |       |     8 |    12 ||    20
    Use: Scroll            |       |       |     2 |    12 ||    14
         Potion            |       |       |       |     2 ||     2
   Stab: Distracted        |       |       |     1 |     3 ||     4
         Sleeping          |       |       |     1 |     4 ||     5
         Confused          |       |       |       |     1 ||     1
 Armour: Robe              |     8 |       |   172 |       ||   180
         Leather armour    |     4 |    34 |     4 |       ||    42
         Skin              |       |       |     1 |       ||     1
         Steam dragon scal |       |       |       |   202 ||   202
  Dodge: Dodged            |    37 |    50 |   276 |   244 ||   607
  Block: Other             |     5 |    21 |   112 |   124 ||   262
